[ PARTIDA AOE2 · #479517204 ]
1v1 RMBritanos vs Slavs
Equipo del jugador · VICT
Equipo rival · DERR
[ ANÁLISIS DE REPETICIÓN · EXTRAÍDO DE LA PARTIDA GRABADA ]
Feudal
9:26
Castillos
19:56
Imperial
36:08
| APM promedio | 31.8 |
| APM pico | 90 |
| eAPM promedio | 14.3 |
| Aldeanos / militares | 83 / 162 |
Foco
⚔️ 32.0% · 🌾 68.0%
Archer ×148 · Trebuchet (Packed) ×11 · Militia ×1 · Trade Cart ×1 · Monk ×1 · Longbowman ×1
Feudal
11:11
Castillos
21:02
Imperial
50:45
| APM promedio | 25.1 |
| APM pico | 54 |
| eAPM promedio | 18.0 |
| Aldeanos / militares | 163 / 124 |
Foco
⚔️ 34.4% · 🌾 65.6%
Skirmisher ×112 · Mangonel ×9 · Boyar ×3
Mapa de la partida
Recursos iniciales + cada clic de construcción. Líneas = muros · curvas = relieve. ◆ oro · ⬟ piedra · ● bayas · ✦ reliquia · ◌ hueco del cierre
Tu base· Abierta — el rival se encerró
Base de vbustillos.iq86· ✓ Cerrada en 21:02 · 58t muro · 2 puerta(s)
Terreno inicial suavizado · ◌ = hueco del cierre detectado · pasá el cursor para detalles
Inputs por minuto
— XyipoxX - - vbustillos.iq86
Build order — XyipoxX
Primeras 150 de 294 acciones detectadas
| 0:02 | Construir | House |
| 0:03 | Construir | House |
| 0:04 | Crear | Villager (Male) |
| 0:04 | Crear | Villager (Male) |
| 0:05 | Crear | Villager (Male) |
| 0:05 | Crear | Villager (Male) |
| 0:31 | Construir | Lumber Camp |
| 0:38 | Investigar | Loom |
| 1:36 | Crear | Villager (Male) |
| 2:08 | Crear | Villager (Male) |
| 2:38 | Crear | Villager (Male) |
| 2:57 | Crear | Villager (Male) |
| 2:57 | Crear | Villager (Male) |
| 4:08 | Construir | House |
| 4:13 | Crear | Villager (Male) |
| 4:13 | Crear | Villager (Male) |
| 4:40 | Construir | House |
| 4:42 | Crear | Villager (Male) |
| 4:42 | Crear | Villager (Male) |
| 5:18 | Construir | Mill |
| 6:01 | Crear | Villager (Male) |
| 6:01 | Crear | Villager (Male) |
| 6:03 | Crear | Villager (Male) |
| 6:49 | Construir | House |
| 6:52 | Construir | House |
| 6:54 | Construir | House |
| 6:55 | Construir | House |
| 6:57 | Construir | House |
| 7:13 | Investigar | Feudal Age |
| 8:10 | Construir | Barracks |
| 9:26 | Edad | Edad Feudal |
| 9:29 | Investigar | Wheelbarrow |
| 9:31 | Investigar | Double-Bit Axe |
| 9:44 | Construir | Farm |
| 9:48 | Construir | Farm |
| 10:03 | Crear | Villager (Male) |
| 10:04 | Crear | Villager (Male) |
| 10:19 | Investigar | Horse Collar |
| 11:15 | Crear | Villager (Male) |
| 11:16 | Crear | Villager (Male) |
| 11:46 | Construir | Farm |
| 11:50 | Construir | Farm |
| 11:58 | Construir | Farm |
| 12:02 | Construir | Farm |
| 12:06 | Construir | Farm |
| 12:30 | Construir | Farm |
| 12:58 | Crear | Militia |
| 13:02 | Crear | Villager (Male) |
| 13:03 | Crear | Villager (Male) |
| 13:14 | Construir | Blacksmith |
| 13:35 | Investigar | Fletching |
| 13:35 | Investigar | Padded Archer Armor |
| 13:40 | Crear | Villager (Male) |
| 13:40 | Crear | Villager (Male) |
| 13:46 | Construir | Mining Camp |
| 14:19 | Investigar | Gold Mining |
| 14:23 | Crear | Villager (Male) |
| 14:23 | Crear | Villager (Male) |
| 15:09 | Construir | Archery Range |
| 15:33 | Crear | Villager (Male) |
| 15:33 | Crear | Villager (Male) |
| 15:46 | Construir | Archery Range |
| 16:05 | Crear | Archer |
| 16:19 | Construir | Market |
| 16:23 | Crear | Villager (Male) |
| 16:29 | Crear | Archer |
| 16:40 | Crear | Archer |
| 16:40 | Crear | Archer |
| 16:41 | Crear | Archer |
| 16:51 | Crear | Villager (Male) |
| 16:51 | Crear | Villager (Male) |
| 16:56 | Crear | Trade Cart |
| 17:09 | Investigar | Castle Age |
| 17:39 | Crear | Archer |
| 17:40 | Crear | Archer |
| 17:48 | Construir | House |
| 17:50 | Construir | House |
| 17:51 | Construir | House |
| 17:53 | Construir | House |
| 19:17 | Crear | Villager (Male) |
| 19:18 | Crear | Villager (Male) |
| 19:22 | Crear | Archer |
| 19:22 | Crear | Archer |
| 19:56 | Edad | Edad de los Castillos |
| 20:04 | Construir | Town Center |
| 20:10 | Construir | Town Center |
| 20:14 | Investigar | Gold Shaft Mining |
| 20:17 | Investigar | Bow Saw |
| 20:21 | Investigar | Bodkin Arrow |
| 21:11 | Investigar | Crossbowman (upgrade) |
| 21:17 | Crear | Villager (Male) |
| 21:17 | Crear | Villager (Male) |
| 22:17 | Construir | Farm |
| 22:20 | Crear | Villager (Male) |
| 22:20 | Crear | Villager (Male) |
| 22:21 | Crear | Villager (Male) |
| 22:25 | Construir | Farm |
| 22:25 | Construir | Farm |
| 22:26 | Construir | Farm |
| 22:26 | Construir | Farm |
| 22:26 | Construir | Farm |
| 22:26 | Construir | Farm |
| 22:30 | Construir | Mill |
| 22:40 | Crear | Archer |
| 22:40 | Crear | Archer |
| 22:40 | Crear | Archer |
| 24:01 | Crear | Villager (Male) |
| 24:01 | Crear | Villager (Male) |
| 24:06 | Construir | University |
| 24:11 | Crear | Archer |
| 24:11 | Crear | Archer |
| 24:28 | Crear | Archer |
| 24:29 | Crear | Archer |
| 24:45 | Crear | Villager (Male) |
| 24:45 | Crear | Villager (Male) |
| 25:01 | Construir | Farm |
| 25:04 | Crear | Villager (Male) |
| 25:04 | Crear | Villager (Male) |
| 25:05 | Crear | Villager (Male) |
| 25:05 | Crear | Villager (Male) |
| 25:12 | Construir | Farm |
| 25:17 | Crear | Villager (Male) |
| 25:17 | Crear | Villager (Male) |
| 25:22 | Investigar | Leather Archer Armor |
| 25:22 | Investigar | Leather Archer Armor |
| 25:24 | Crear | Archer |
| 25:25 | Crear | Archer |
| 25:25 | Crear | Archer |
| 25:38 | Crear | Archer |
| 25:39 | Crear | Archer |
| 25:39 | Crear | Archer |
| 25:39 | Crear | Archer |
| 25:53 | Construir | Farm |
| 25:54 | Construir | Farm |
| 25:58 | Construir | Farm |
| 26:03 | Construir | Farm |
| 26:04 | Construir | Mill |
| 26:53 | Crear | Archer |
| 26:53 | Crear | Archer |
| 26:54 | Crear | Archer |
| 26:54 | Crear | Archer |
| 26:54 | Crear | Archer |
| 26:54 | Crear | Archer |
| 26:56 | Crear | Archer |
| 26:56 | Crear | Archer |
| 27:04 | Crear | Villager (Male) |
| 27:04 | Crear | Villager (Male) |
| 27:04 | Crear | Villager (Male) |
| 27:07 | Investigar | Ballistics |
| 27:22 | Construir | Mining Camp |
Build order — vbustillos.iq86
Primeras 150 de 455 acciones detectadas
| 1:28 | Construir | House |
| 1:29 | Construir | House |
| 1:30 | Construir | House |
| 1:31 | Construir | House |
| 1:48 | Crear | Villager (Male) |
| 1:48 | Crear | Villager (Male) |
| 1:48 | Crear | Villager (Male) |
| 1:48 | Crear | Villager (Male) |
| 1:49 | Crear | Villager (Male) |
| 1:50 | Investigar | Loom |
| 3:22 | Construir | Lumber Camp |
| 3:23 | Crear | Villager (Male) |
| 3:23 | Crear | Villager (Male) |
| 4:10 | Crear | Villager (Male) |
| 4:10 | Crear | Villager (Male) |
| 4:26 | Crear | Villager (Male) |
| 5:08 | Crear | Villager (Male) |
| 5:08 | Crear | Villager (Male) |
| 5:31 | Crear | Villager (Male) |
| 5:56 | Crear | Villager (Male) |
| 5:57 | Crear | Villager (Male) |
| 6:27 | Crear | Villager (Male) |
| 6:27 | Crear | Villager (Male) |
| 6:34 | Construir | Mill |
| 6:54 | Crear | Villager (Male) |
| 7:46 | Crear | Villager (Male) |
| 7:46 | Crear | Villager (Male) |
| 7:46 | Crear | Villager (Male) |
| 7:47 | Crear | Villager (Male) |
| 8:26 | Crear | Villager (Male) |
| 8:36 | Crear | Villager (Male) |
| 8:51 | Investigar | Feudal Age |
| 10:02 | Construir | Palisade Wall |
| 10:09 | Construir | Palisade Wall |
| 10:15 | Construir | Palisade Wall |
| 10:37 | Crear | Villager (Male) |
| 10:38 | Crear | Villager (Male) |
| 10:38 | Crear | Villager (Male) |
| 10:38 | Crear | Villager (Male) |
| 10:38 | Crear | Villager (Male) |
| 10:39 | Crear | Villager (Male) |
| 10:39 | Crear | Villager (Male) |
| 10:51 | Construir | Palisade Gate |
| 11:11 | Edad | Edad Feudal |
| 11:41 | Construir | Watch Tower |
| 11:47 | Crear | Villager (Male) |
| 11:47 | Crear | Villager (Male) |
| 11:47 | Crear | Villager (Male) |
| 11:48 | Crear | Villager (Male) |
| 11:48 | Crear | Villager (Male) |
| 12:23 | Construir | Palisade Wall |
| 12:28 | Construir | Palisade Wall |
| 12:34 | Crear | Villager (Male) |
| 12:47 | Crear | Villager (Male) |
| 13:03 | Construir | Palisade Wall |
| 13:13 | Construir | Palisade Wall |
| 13:19 | Construir | Palisade Wall |
| 13:35 | Construir | Palisade Wall |
| 13:40 | Construir | House |
| 13:48 | Construir | House |
| 14:01 | Construir | Mining Camp |
| 14:17 | Construir | Farm |
| 14:18 | Construir | Farm |
| 14:18 | Construir | Farm |
| 14:18 | Construir | Farm |
| 14:32 | Construir | Farm |
| 14:33 | Construir | Farm |
| 14:33 | Construir | Farm |
| 14:42 | Construir | Farm |
| 14:59 | Construir | Farm |
| 14:59 | Construir | Farm |
| 14:59 | Construir | Farm |
| 15:00 | Construir | Farm |
| 15:17 | Crear | Villager (Male) |
| 15:18 | Construir | Farm |
| 15:30 | Construir | Farm |
| 15:46 | Construir | Farm |
| 15:46 | Construir | Farm |
| 16:06 | Construir | Farm |
| 16:07 | Construir | Farm |
| 16:07 | Construir | Farm |
| 16:35 | Construir | Blacksmith |
| 16:37 | Crear | Villager (Male) |
| 16:43 | Crear | Villager (Male) |
| 17:00 | Crear | Villager (Male) |
| 17:11 | Construir | Market |
| 17:13 | Construir | House |
| 17:27 | Construir | House |
| 17:39 | Investigar | Double-Bit Axe |
| 17:46 | Crear | Villager (Male) |
| 17:52 | Construir | House |
| 18:22 | Investigar | Castle Age |
| 18:34 | Construir | Mining Camp |
| 18:38 | Construir | House |
| 18:46 | Investigar | Wheelbarrow |
| 19:11 | Construir | House |
| 19:19 | Construir | Gate |
| 19:23 | Construir | House |
| 19:26 | Construir | House |
| 19:30 | Construir | House |
| 20:03 | Construir | Barracks |
| 20:12 | Investigar | Town Watch |
| 20:18 | Construir | House |
| 20:22 | Construir | House |
| 21:02 | Edad | Edad de los Castillos |
| 21:17 | Construir | Siege Workshop |
| 21:25 | Investigar | Pikeman (upgrade) |
| 21:28 | Crear | Villager (Male) |
| 21:36 | Construir | Town Center |
| 21:54 | Construir | Farm |
| 21:59 | Crear | Mangonel |
| 22:27 | Crear | Villager (Male) |
| 22:27 | Crear | Villager (Male) |
| 22:28 | Crear | Villager (Male) |
| 22:28 | Crear | Villager (Male) |
| 22:28 | Crear | Villager (Male) |
| 22:28 | Crear | Villager (Male) |
| 22:29 | Crear | Villager (Male) |
| 22:42 | Construir | Town Center |
| 23:15 | Construir | Farm |
| 23:50 | Crear | Villager (Male) |
| 23:50 | Crear | Villager (Male) |
| 23:50 | Crear | Villager (Male) |
| 23:50 | Crear | Villager (Male) |
| 23:51 | Crear | Villager (Male) |
| 24:16 | Construir | Siege Workshop |
| 24:27 | Crear | Villager (Male) |
| 24:27 | Crear | Villager (Male) |
| 24:27 | Crear | Villager (Male) |
| 24:27 | Crear | Villager (Male) |
| 24:35 | Construir | Farm |
| 24:35 | Construir | Farm |
| 24:36 | Construir | Farm |
| 24:36 | Construir | Farm |
| 24:36 | Construir | Farm |
| 24:36 | Construir | Farm |
| 24:37 | Construir | Farm |
| 24:37 | Construir | Farm |
| 24:37 | Construir | Farm |
| 24:37 | Construir | Farm |
| 24:38 | Construir | Farm |
| 24:54 | Crear | Mangonel |
| 25:43 | Investigar | Fletching |
| 26:52 | Crear | Villager (Male) |
| 26:52 | Crear | Villager (Male) |
| 26:52 | Crear | Villager (Male) |
| 26:53 | Crear | Villager (Male) |
| 26:53 | Crear | Villager (Male) |
| 26:53 | Crear | Villager (Male) |
| 26:53 | Crear | Villager (Male) |
Cronología de la partida
| 8:10 | XyipoxX · first_building Barracks |
| 9:26 | XyipoxX · age_up feudal |
| 10:02 | vbustillos.iq86 · wall_segment Palisade Wall x14 |
| 10:09 | vbustillos.iq86 · wall_segment Palisade Wall x8 |
| 10:15 | vbustillos.iq86 · wall_segment Palisade Wall x11 |
| 11:11 | vbustillos.iq86 · age_up feudal |
| 12:23 | vbustillos.iq86 · wall_segment Palisade Wall x6 |
| 12:28 | vbustillos.iq86 · wall_segment Palisade Wall x5 |
| 13:03 | vbustillos.iq86 · wall_segment Palisade Wall x5 |
| 13:13 | vbustillos.iq86 · wall_segment Palisade Wall x4 |
| 13:19 | vbustillos.iq86 · wall_segment Palisade Wall x5 |
| 13:35 | vbustillos.iq86 · wall_segment Palisade Wall x4 |
| 15:09 | XyipoxX · first_building Archery Range |
| 16:59 | XyipoxX · first_market_sell 100 wood |
| 19:56 | XyipoxX · age_up castle |
| 20:03 | vbustillos.iq86 · first_building Barracks |
| 21:02 | vbustillos.iq86 · age_up castle |
| 21:17 | vbustillos.iq86 · first_building Siege Workshop |
| 21:50 | vbustillos.iq86 · first_market_sell 100 food |
| 27:33 | XyipoxX · first_market_buy 100 stone |
| 30:42 | vbustillos.iq86 · first_market_buy 100 stone |
| 30:54 | vbustillos.iq86 · first_building Castle |
| 32:11 | XyipoxX · first_building Monastery |
| 36:08 | XyipoxX · age_up imperial |
| 36:12 | XyipoxX · first_building Castle |
| 38:04 | vbustillos.iq86 · first_building Archery Range |
| 50:45 | vbustillos.iq86 · age_up imperial |
| 53:50 | vbustillos.iq86 · resign |
[ ANÁLISIS IA · 1 CRÉDITO ]
¿Qué pasó realmente en esta partida?
Wolo.gg analiza cada decisión: build order, eco, micro, errores típicos por bracket. Análisis personalizado por WhatsApp o Discord en 30 segundos.
Guía civ
Britanos
Guía mapa
Enclosed
Perfil
XyipoxX